[ PARTIDA AOE2 · #483245401 ]
UnrankedBengalíes vs Huns
[ ANÁLISIS DE REPETICIÓN · EXTRAÍDO DE LA PARTIDA GRABADA ]
Feudal
9:03
Castillos
14:46
Imperial
30:05
| APM promedio | 22.3 |
| APM pico | 135 |
| eAPM promedio | 16.9 |
| Aldeanos / militares | 184 / 407 |
Foco
⚔️ 34.0% · 🌾 66.0%
Battle Elephant ×226 · Elephant Archer ×154 · Trade Cart ×121 · Armored Elephant ×25 · Mangonel ×2
Feudal
12:27
Castillos
21:48
Imperial
30:53
| APM promedio | 30.2 |
| APM pico | 170 |
| eAPM promedio | 25.2 |
| Aldeanos / militares | 176 / 294 |
Foco
⚔️ 44.3% · 🌾 55.7%
Kipchak ×170 · Knight ×91 · Trade Cart ×89 · Unknown (1260) ×47 · Battering Ram ×14 · Mangonel ×9
Feudal
7:41
Castillos
12:56
Imperial
29:35
| APM promedio | 32.7 |
| APM pico | 249 |
| eAPM promedio | 29.5 |
| Aldeanos / militares | 237 / 373 |
Foco
⚔️ 19.4% · 🌾 80.6%
War Elephant ×317 · Trade Cart ×104 · Battering Ram ×35 · Mangonel ×20 · Monk ×1
Feudal
9:11
Castillos
13:56
Imperial
34:52
| APM promedio | 21.1 |
| APM pico | 57 |
| eAPM promedio | 15.4 |
| Aldeanos / militares | 176 / 134 |
Foco
⚔️ 32.3% · 🌾 67.7%
Trade Cart ×91 · Janissary ×88 · Bombard Cannon ×45 · Monk ×1
Feudal
—
Castillos
—
Imperial
—
| APM promedio | 840.5 |
| APM pico | 1570 |
| eAPM promedio | 840.3 |
| Aldeanos / militares | 0 / 487 |
Foco
⚔️ 32.3% · 🌾 67.7%
Scout Cavalry ×141 · Knight ×137 · Spearman ×127 · Tarkan ×43 · Battering Ram ×22 · Trebuchet (Packed) ×8
Feudal
—
Castillos
—
Imperial
—
| APM promedio | 872.3 |
| APM pico | 1788 |
| eAPM promedio | 872.0 |
| Aldeanos / militares | 0 / 186 |
Foco
⚔️ 52.2% · 🌾 47.8%
Spearman ×128 · Unknown (1949) ×108 · Scout Cavalry ×52 · Battering Ram ×5 · Monk ×1
Feudal
—
Castillos
—
Imperial
—
| APM promedio | 1348.5 |
| APM pico | 4163 |
| eAPM promedio | 1347.7 |
| Aldeanos / militares | 0 / 640 |
Foco
⚔️ 48.5% · 🌾 51.5%
Mameluke ×268 · Camel Scout ×228 · Scout Cavalry ×93 · Bombard Cannon ×35 · Battering Ram ×6 · Knight ×5
Feudal
—
Castillos
—
Imperial
—
| APM promedio | 1781.9 |
| APM pico | 6834 |
| eAPM promedio | 1781.2 |
| Aldeanos / militares | 0 / 643 |
Foco
⚔️ 55.4% · 🌾 44.6%
Steppe Lancer ×185 · Cavalry Archer ×153 · Keshik ×125 · Scout Cavalry ×86 · Spearman ×54 · Battering Ram ×25
Mapa de la partida
Recursos iniciales + cada clic de construcción. Líneas = muros · curvas = relieve. ◆ oro · ⬟ piedra · ● bayas · ✦ reliquia · ◌ hueco del cierre
Tu base· ✓ Cerrada en 14:46 · 76t muro · sin puerta
Base de 轻骑满天飞· ✓ Cerrada en 21:48 · 120t muro · sin puerta
Base de LG· ✓ Cerrada en 12:56 · 0t muro · sin puerta
Base de 只会出农民· ✓ Cerrada en 13:56 · 76t muro · sin puerta
Base de · Abierta — el rival se encerró
Base de · Abierta — el rival se encerró
Base de · Abierta — el rival se encerró
Base de · Abierta — el rival se encerró
Terreno inicial suavizado · ◌ = hueco del cierre detectado · pasá el cursor para detalles
Inputs por minuto
— Nam Thanh - - 轻骑满天飞
Build order — Nam Thanh
Primeras 150 de 483 acciones detectadas
| 0:01 | Crear | Villager (Male) |
| 0:01 | Crear | Villager (Male) |
| 0:02 | Crear | Villager (Male) |
| 0:06 | Construir | House |
| 0:07 | Construir | Lumber Camp |
| 0:35 | Crear | Villager (Male) |
| 0:58 | Construir | Palisade Wall |
| 1:12 | Crear | Villager (Male) |
| 1:16 | Investigar | Loom |
| 1:18 | Crear | Villager (Male) |
| 1:18 | Crear | Villager (Male) |
| 2:11 | Crear | Villager (Male) |
| 2:11 | Crear | Villager (Male) |
| 2:42 | Crear | Villager (Male) |
| 2:43 | Crear | Villager (Male) |
| 3:06 | Construir | House |
| 3:10 | Construir | House |
| 3:51 | Construir | Palisade Wall |
| 3:55 | Construir | Palisade Wall |
| 3:58 | Crear | Villager (Male) |
| 3:58 | Crear | Villager (Male) |
| 4:08 | Crear | Villager (Male) |
| 4:08 | Crear | Villager (Male) |
| 4:09 | Crear | Villager (Male) |
| 4:10 | Crear | Villager (Male) |
| 4:23 | Crear | Villager (Male) |
| 4:30 | Construir | Mill |
| 4:57 | Crear | Villager (Male) |
| 4:57 | Crear | Villager (Male) |
| 5:52 | Crear | Villager (Male) |
| 5:53 | Crear | Villager (Male) |
| 5:53 | Crear | Villager (Male) |
| 5:53 | Crear | Villager (Male) |
| 5:54 | Crear | Villager (Male) |
| 5:54 | Crear | Villager (Male) |
| 6:13 | Crear | Villager (Male) |
| 6:20 | Construir | Palisade Wall |
| 6:35 | Crear | Villager (Male) |
| 6:40 | Construir | Mining Camp |
| 6:52 | Investigar | Feudal Age |
| 7:18 | Construir | Mining Camp |
| 9:03 | Edad | Edad Feudal |
| 9:11 | Crear | Villager (Male) |
| 9:11 | Crear | Villager (Male) |
| 9:12 | Crear | Villager (Male) |
| 9:18 | Construir | Market |
| 9:25 | Construir | Blacksmith |
| 9:35 | Crear | Villager (Male) |
| 9:56 | Construir | Stone Wall |
| 10:01 | Crear | Villager (Male) |
| 10:21 | Construir | Lumber Camp |
| 11:00 | Crear | Villager (Male) |
| 11:07 | Construir | Farm |
| 11:08 | Construir | Farm |
| 11:09 | Construir | Farm |
| 11:24 | Construir | Stone Wall |
| 11:39 | Crear | Villager (Male) |
| 11:59 | Investigar | Castle Age |
| 12:08 | Construir | Farm |
| 12:14 | Construir | Farm |
| 12:25 | Construir | Farm |
| 12:30 | Investigar | Horse Collar |
| 13:03 | Construir | Stone Wall |
| 13:15 | Construir | Stone Wall |
| 13:42 | Construir | Farm |
| 13:43 | Construir | Farm |
| 13:45 | Construir | Farm |
| 13:55 | Crear | Villager (Male) |
| 14:02 | Construir | Stone Wall |
| 14:07 | Construir | Stone Wall |
| 14:20 | Crear | Villager (Male) |
| 14:22 | Investigar | Double-Bit Axe |
| 14:39 | Crear | Villager (Male) |
| 14:46 | Edad | Edad de los Castillos |
| 14:49 | Crear | Villager (Male) |
| 14:58 | Construir | Town Center |
| 15:16 | Construir | Town Center |
| 15:20 | Crear | Villager (Male) |
| 15:27 | Construir | Stone Wall |
| 15:47 | Construir | University |
| 15:50 | Crear | Villager (Male) |
| 15:53 | Investigar | Bow Saw |
| 16:11 | Crear | Villager (Male) |
| 16:14 | Construir | House |
| 16:21 | Construir | Stone Wall |
| 16:25 | Construir | Stone Wall |
| 16:32 | Crear | Villager (Male) |
| 16:35 | Crear | Villager (Male) |
| 16:35 | Crear | Villager (Male) |
| 16:36 | Crear | Villager (Male) |
| 16:42 | Crear | Villager (Male) |
| 16:42 | Crear | Villager (Male) |
| 16:55 | Construir | Farm |
| 16:56 | Construir | Farm |
| 16:58 | Construir | Farm |
| 16:59 | Construir | Farm |
| 17:06 | Investigar | Fortified Wall (upgrade) |
| 17:13 | Construir | Stone Wall |
| 17:27 | Crear | Villager (Male) |
| 17:28 | Crear | Villager (Male) |
| 17:33 | Construir | Farm |
| 17:45 | Construir | Farm |
| 17:47 | Construir | Farm |
| 18:04 | Construir | Stone Wall |
| 18:08 | Construir | Stone Wall |
| 18:13 | Crear | Villager (Male) ×3 |
| 18:14 | Crear | Villager (Male) |
| 18:14 | Crear | Villager (Male) |
| 18:30 | Construir | Farm |
| 18:31 | Construir | Farm |
| 18:33 | Construir | Farm |
| 18:34 | Construir | Farm |
| 18:37 | Crear | Villager (Male) ×2 |
| 18:42 | Crear | Villager (Male) |
| 18:57 | Investigar | Heavy Plow |
| 19:05 | Crear | Villager (Male) |
| 19:19 | Crear | Villager (Male) |
| 19:25 | Construir | Town Center |
| 19:27 | Crear | Villager (Male) |
| 19:39 | Construir | Town Center |
| 19:41 | Crear | Villager (Male) ×2 |
| 19:51 | Construir | Stone Wall |
| 19:55 | Crear | Villager (Male) |
| 19:58 | Crear | Villager (Male) |
| 19:59 | Crear | Villager (Male) |
| 20:09 | Construir | Farm |
| 20:10 | Construir | Farm |
| 20:12 | Construir | Farm |
| 20:15 | Construir | Farm |
| 20:17 | Crear | Villager (Male) ×2 |
| 20:19 | Construir | Farm |
| 20:23 | Crear | Villager (Male) |
| 20:29 | Construir | Farm |
| 20:30 | Construir | Farm |
| 20:31 | Construir | Farm |
| 20:32 | Crear | Villager (Male) |
| 20:34 | Crear | Villager (Male) |
| 20:43 | Crear | Villager (Male) |
| 20:57 | Construir | Stone Wall |
| 21:13 | Construir | Siege Workshop |
| 21:19 | Crear | Villager (Male) ×4 |
| 21:19 | Crear | Villager (Male) |
| 21:26 | Crear | Villager (Male) |
| 21:29 | Crear | Villager (Male) |
| 21:34 | Crear | Villager (Male) |
| 21:43 | Crear | Villager (Male) |
| 21:44 | Crear | Villager (Male) |
| 21:50 | Construir | Farm |
| 21:51 | Construir | Farm |
| 21:53 | Construir | Farm |
Build order — 轻骑满天飞
Primeras 150 de 819 acciones detectadas
| 0:05 | Investigar | Loom |
| 0:06 | Crear | Villager (Male) |
| 0:06 | Crear | Villager (Male) |
| 0:46 | Crear | Villager (Male) |
| 1:15 | Construir | Palisade Wall |
| 1:26 | Crear | Villager (Male) |
| 1:31 | Crear | Villager (Male) |
| 2:10 | Crear | Villager (Male) |
| 2:11 | Crear | Villager (Male) |
| 2:42 | Crear | Villager (Male) |
| 3:02 | Crear | Villager (Male) |
| 3:12 | Construir | Lumber Camp |
| 3:23 | Crear | Villager (Male) |
| 3:24 | Crear | Villager (Male) |
| 4:42 | Construir | Palisade Wall |
| 5:50 | Crear | Villager (Male) |
| 5:52 | Crear | Villager (Male) |
| 6:05 | Crear | Villager (Male) |
| 6:34 | Construir | Palisade Wall |
| 7:10 | Crear | Villager (Male) |
| 7:33 | Crear | Villager (Male) |
| 7:48 | Construir | Mill |
| 7:53 | Crear | Villager (Male) |
| 8:32 | Crear | Villager (Male) |
| 8:57 | Crear | Villager (Male) |
| 9:10 | Construir | Palisade Wall |
| 9:25 | Crear | Villager (Male) |
| 9:26 | Crear | Villager (Male) |
| 9:34 | Construir | Palisade Wall |
| 10:03 | Construir | Palisade Wall |
| 10:17 | Investigar | Feudal Age |
| 10:42 | Crear | Villager (Male) |
| 12:27 | Edad | Edad Feudal |
| 12:32 | Construir | Town Center |
| 12:48 | Crear | Villager (Male) |
| 13:04 | Construir | Stone Wall |
| 13:17 | Crear | Villager (Male) |
| 13:40 | Investigar | Double-Bit Axe |
| 13:42 | Crear | Villager (Male) |
| 13:44 | Investigar | Horse Collar |
| 13:44 | Investigar | Horse Collar |
| 13:54 | Construir | Mining Camp |
| 13:56 | Crear | Villager (Male) |
| 13:58 | Crear | Villager (Male) |
| 14:17 | Construir | Market |
| 14:21 | Construir | Blacksmith |
| 14:24 | Crear | Villager (Male) |
| 14:25 | Crear | Villager (Male) |
| 14:28 | Crear | Villager (Male) |
| 14:28 | Crear | Villager (Male) |
| 14:28 | Crear | Villager (Male) |
| 14:28 | Crear | Villager (Male) |
| 14:29 | Crear | Villager (Male) |
| 14:29 | Crear | Villager (Male) |
| 14:29 | Crear | Villager (Male) |
| 14:30 | Crear | Villager (Male) |
| 14:30 | Crear | Villager (Male) |
| 14:37 | Construir | Farm |
| 14:38 | Construir | Farm |
| 14:57 | Investigar | Gold Mining |
| 14:57 | Investigar | Stone Mining |
| 15:07 | Construir | Farm |
| 15:08 | Construir | Farm |
| 15:09 | Construir | Farm |
| 15:20 | Construir | Farm |
| 15:21 | Construir | Farm |
| 15:22 | Construir | Farm |
| 15:36 | Construir | Stone Wall |
| 15:46 | Construir | Farm |
| 15:46 | Construir | Farm |
| 15:47 | Construir | Farm |
| 15:48 | Construir | Farm |
| 15:49 | Construir | Farm |
| 15:50 | Construir | Farm |
| 15:52 | Construir | Farm |
| 15:53 | Construir | Farm |
| 16:03 | Construir | Farm |
| 16:05 | Construir | Farm |
| 16:06 | Construir | Farm |
| 16:07 | Construir | Farm |
| 16:07 | Construir | Farm |
| 16:16 | Construir | Farm |
| 16:17 | Construir | Farm |
| 16:27 | Construir | Farm |
| 16:31 | Crear | Villager (Male) |
| 16:39 | Crear | Villager (Male) |
| 16:49 | Construir | House |
| 16:49 | Construir | House |
| 16:57 | Construir | Stone Wall |
| 17:10 | Investigar | Wheelbarrow |
| 17:14 | Crear | Villager (Male) |
| 17:32 | Crear | Villager (Male) |
| 17:43 | Construir | Farm |
| 17:44 | Construir | Farm |
| 17:45 | Construir | Farm |
| 17:46 | Construir | Farm |
| 17:47 | Crear | Villager (Male) |
| 17:49 | Crear | Villager (Male) |
| 17:58 | Construir | House |
| 17:59 | Construir | House |
| 18:07 | Crear | Villager (Male) |
| 18:17 | Construir | Stone Wall |
| 18:30 | Crear | Villager (Male) |
| 18:32 | Crear | Trade Cart |
| 18:32 | Crear | Trade Cart |
| 18:58 | Crear | Trade Cart |
| 18:58 | Crear | Trade Cart |
| 19:07 | Investigar | Castle Age |
| 19:07 | Investigar | Castle Age |
| 19:10 | Crear | Villager (Male) |
| 19:27 | Construir | Stone Wall |
| 19:44 | Crear | Villager (Male) |
| 19:46 | Crear | Villager (Male) |
| 20:02 | Crear | Trade Cart |
| 20:17 | Crear | Villager (Male) |
| 20:41 | Construir | Stone Wall |
| 20:45 | Crear | Villager (Male) |
| 20:46 | Crear | Villager (Male) |
| 20:47 | Crear | Villager (Male) |
| 20:52 | Construir | Farm |
| 20:53 | Construir | Farm |
| 20:54 | Construir | Farm |
| 20:55 | Construir | Farm |
| 21:08 | Construir | House |
| 21:09 | Construir | House |
| 21:10 | Construir | House |
| 21:13 | Crear | Trade Cart |
| 21:15 | Crear | Trade Cart |
| 21:48 | Edad | Edad de los Castillos |
| 21:49 | Investigar | Bow Saw |
| 21:52 | Investigar | Heavy Plow |
| 22:02 | Construir | Town Center |
| 22:06 | Crear | Villager (Male) |
| 22:07 | Crear | Villager (Male) |
| 22:09 | Investigar | Hand Cart |
| 22:35 | Construir | Town Center |
| 22:39 | Crear | Villager (Male) |
| 22:39 | Crear | Villager (Male) |
| 22:45 | Construir | Lumber Camp |
| 22:50 | Crear | Villager (Male) |
| 23:05 | Investigar | Caravan |
| 23:13 | Construir | Monastery |
| 23:21 | Construir | Stone Wall |
| 23:31 | Crear | Villager (Male) |
| 23:31 | Crear | Villager (Male) |
| 23:33 | Crear | Villager (Male) |
| 23:34 | Crear | Villager (Male) |
| 23:34 | Crear | Villager (Male) |
| 23:35 | Crear | Villager (Male) |
| 23:41 | Crear | Villager (Male) |
Build order — LG
Primeras 150 de 610 acciones detectadas
| 0:04 | Crear | Villager (Male) |
| 0:04 | Crear | Villager (Male) |
| 0:05 | Crear | Villager (Male) |
| 0:43 | Crear | Villager (Male) |
| 0:51 | Crear | Villager (Male) |
| 1:05 | Construir | Lumber Camp |
| 1:27 | Crear | Villager (Male) |
| 2:04 | Crear | Villager (Male) |
| 2:28 | Crear | Villager (Male) |
| 2:48 | Crear | Villager (Male) |
| 3:11 | Crear | Villager (Male) |
| 3:21 | Construir | Mill |
| 3:46 | Crear | Villager (Male) |
| 3:46 | Crear | Villager (Male) |
| 4:16 | Crear | Villager (Male) |
| 5:12 | Crear | Villager (Male) |
| 5:34 | Investigar | Feudal Age |
| 5:48 | Construir | Mill |
| 6:15 | Construir | Mining Camp |
| 7:03 | Crear | Villager (Male) |
| 7:41 | Edad | Edad Feudal |
| 7:44 | Crear | Villager (Male) |
| 8:06 | Construir | Market |
| 8:10 | Construir | Blacksmith |
| 8:16 | Crear | Villager (Male) |
| 8:19 | Construir | Market |
| 8:25 | Construir | Blacksmith |
| 8:34 | Crear | Villager (Male) |
| 8:55 | Crear | Villager (Male) |
| 9:00 | Construir | Mining Camp |
| 9:22 | Crear | Villager (Male) |
| 10:01 | Investigar | Loom |
| 10:04 | Construir | Farm |
| 10:05 | Construir | Farm |
| 10:05 | Construir | Farm |
| 10:06 | Construir | Farm |
| 10:07 | Construir | Farm |
| 10:07 | Construir | Farm |
| 10:30 | Investigar | Castle Age |
| 11:02 | Construir | Farm |
| 11:39 | Investigar | Horse Collar |
| 11:42 | Investigar | Double-Bit Axe |
| 12:04 | Investigar | Stone Mining |
| 12:09 | Investigar | Gold Mining |
| 12:37 | Crear | Villager (Male) |
| 12:46 | Investigar | Wheelbarrow |
| 12:56 | Edad | Edad de los Castillos |
| 13:02 | Construir | Town Center |
| 13:39 | Investigar | Bow Saw |
| 13:44 | Crear | Villager (Male) |
| 13:59 | Crear | Villager (Male) |
| 14:27 | Crear | Villager (Male) |
| 14:30 | Crear | Villager (Male) |
| 14:32 | Construir | Farm |
| 14:40 | Construir | Town Center |
| 14:44 | Crear | Villager (Male) |
| 14:47 | Crear | Villager (Male) |
| 14:50 | Construir | Farm |
| 15:06 | Crear | Villager (Male) |
| 15:12 | Construir | Farm |
| 15:18 | Crear | Villager (Male) |
| 15:33 | Crear | Villager (Male) |
| 15:40 | Construir | Farm |
| 15:45 | Crear | Villager (Male) |
| 15:50 | Crear | Villager (Male) |
| 15:57 | Construir | Farm |
| 16:04 | Crear | Villager (Male) |
| 16:15 | Crear | Villager (Male) |
| 16:17 | Crear | Villager (Male) |
| 16:25 | Construir | Farm |
| 16:26 | Construir | Farm |
| 16:26 | Construir | Farm |
| 16:27 | Construir | Farm |
| 16:28 | Construir | Farm |
| 16:29 | Construir | Farm |
| 16:30 | Construir | Farm |
| 16:39 | Construir | Farm |
| 16:41 | Crear | Villager (Male) |
| 16:42 | Crear | Villager (Male) |
| 16:51 | Crear | Villager (Male) |
| 17:02 | Crear | Villager (Male) |
| 17:11 | Construir | Farm |
| 17:12 | Construir | Farm |
| 17:12 | Construir | Farm |
| 17:13 | Construir | Farm |
| 17:17 | Crear | Villager (Male) |
| 17:23 | Crear | Villager (Male) |
| 17:34 | Crear | Villager (Male) |
| 17:41 | Crear | Villager (Male) |
| 17:45 | Construir | Farm |
| 17:50 | Crear | Villager (Male) |
| 17:53 | Crear | Villager (Male) |
| 18:04 | Crear | Villager (Male) |
| 18:14 | Construir | Farm |
| 18:15 | Construir | Farm |
| 18:15 | Construir | Farm |
| 18:16 | Construir | Farm |
| 18:19 | Crear | Villager (Male) |
| 18:21 | Crear | Villager (Male) |
| 18:25 | Crear | Villager (Male) |
| 18:29 | Crear | Villager (Male) |
| 18:34 | Construir | House |
| 18:36 | Construir | House |
| 18:37 | Construir | House |
| 18:38 | Construir | House |
| 18:40 | Construir | House |
| 18:41 | Construir | House |
| 18:42 | Crear | Villager (Male) |
| 18:46 | Crear | Villager (Male) |
| 18:51 | Crear | Villager (Male) |
| 19:00 | Construir | Town Center |
| 19:05 | Crear | Villager (Male) |
| 19:07 | Crear | Villager (Male) |
| 19:13 | Crear | Villager (Male) |
| 19:18 | Construir | Monastery |
| 19:22 | Construir | University |
| 19:27 | Crear | Villager (Male) |
| 19:29 | Crear | Villager (Male) |
| 19:34 | Crear | Villager (Male) |
| 19:37 | Crear | Villager (Male) |
| 19:41 | Crear | Villager (Male) |
| 19:44 | Crear | Villager (Male) |
| 19:55 | Crear | Villager (Male) |
| 20:04 | Crear | Villager (Male) |
| 20:11 | Investigar | Heavy Plow |
| 20:14 | Crear | Villager (Male) |
| 20:16 | Crear | Villager (Male) |
| 20:18 | Crear | Villager (Male) |
| 20:21 | Construir | Farm |
| 20:22 | Construir | Farm |
| 20:22 | Construir | Farm |
| 20:23 | Construir | Farm |
| 20:24 | Construir | Farm |
| 20:28 | Crear | Villager (Male) |
| 20:31 | Crear | Villager (Male) |
| 20:41 | Crear | Villager (Male) |
| 20:46 | Crear | Monk |
| 20:52 | Crear | Villager (Male) |
| 20:55 | Crear | Villager (Male) |
| 20:58 | Crear | Villager (Male) |
| 21:03 | Construir | Farm |
| 21:03 | Construir | Farm |
| 21:04 | Construir | Farm |
| 21:05 | Construir | Farm |
| 21:12 | Construir | Lumber Camp |
| 21:13 | Crear | Villager (Male) |
| 21:17 | Crear | Villager (Male) |
| 21:18 | Crear | Villager (Male) |
| 21:22 | Crear | Villager (Male) |
| 21:24 | Crear | Villager (Male) |
Build order — 只会出农民
Primeras 150 de 557 acciones detectadas
| 0:06 | Crear | Villager (Male) |
| 0:06 | Crear | Villager (Male) |
| 0:21 | Construir | Lumber Camp |
| 0:39 | Construir | Palisade Wall |
| 1:08 | Crear | Villager (Male) |
| 1:35 | Crear | Villager (Male) |
| 1:36 | Crear | Villager (Male) |
| 1:45 | Construir | Mill |
| 2:10 | Crear | Villager (Male) |
| 2:21 | Investigar | Loom |
| 2:22 | Crear | Villager (Male) |
| 2:32 | Crear | Villager (Male) |
| 3:00 | Crear | Villager (Male) |
| 3:26 | Crear | Villager (Male) |
| 4:12 | Crear | Villager (Male) |
| 4:13 | Crear | Villager (Male) |
| 4:36 | Construir | Palisade Wall |
| 5:11 | Crear | Villager (Male) |
| 5:11 | Crear | Villager (Male) |
| 5:11 | Crear | Villager (Male) |
| 5:12 | Crear | Villager (Male) |
| 5:39 | Construir | Farm |
| 5:56 | Construir | Mining Camp |
| 6:07 | Construir | Farm |
| 6:09 | Construir | Farm |
| 7:00 | Investigar | Feudal Age |
| 7:12 | Construir | Mill |
| 7:30 | Construir | Palisade Wall |
| 7:43 | Construir | Farm |
| 8:50 | Crear | Villager (Male) |
| 8:50 | Crear | Villager (Male) |
| 9:11 | Edad | Edad Feudal |
| 9:20 | Construir | Market |
| 9:25 | Construir | Blacksmith |
| 9:46 | Crear | Villager (Male) |
| 9:47 | Crear | Villager (Male) |
| 9:59 | Construir | Stone Wall |
| 10:28 | Crear | Villager (Male) |
| 11:10 | Investigar | Castle Age |
| 11:50 | Construir | Farm |
| 12:03 | Construir | Stone Wall |
| 12:12 | Investigar | Double-Bit Axe |
| 12:14 | Investigar | Horse Collar |
| 12:48 | Crear | Villager (Male) |
| 12:48 | Crear | Villager (Male) |
| 12:49 | Crear | Villager (Male) |
| 13:37 | Construir | Stone Wall |
| 13:56 | Edad | Edad de los Castillos |
| 14:03 | Construir | University |
| 14:11 | Construir | Town Center |
| 14:21 | Investigar | Bow Saw |
| 14:25 | Investigar | Heavy Plow |
| 14:34 | Construir | Farm |
| 14:49 | Construir | Farm |
| 15:02 | Construir | Stone Wall |
| 15:07 | Construir | Farm |
| 15:10 | Construir | Farm |
| 15:14 | Crear | Villager (Male) |
| 15:14 | Crear | Villager (Male) |
| 15:22 | Investigar | Fortified Wall (upgrade) |
| 15:54 | Crear | Villager (Male) |
| 16:05 | Crear | Villager (Male) |
| 16:21 | Construir | Town Center |
| 16:23 | Crear | Villager (Male) |
| 16:23 | Crear | Villager (Male) |
| 16:34 | Construir | Stone Wall |
| 16:36 | Crear | Villager (Male) |
| 16:40 | Construir | Farm |
| 16:47 | Construir | Farm |
| 16:51 | Construir | Farm |
| 16:52 | Crear | Villager (Male) |
| 17:03 | Construir | Farm |
| 17:04 | Construir | Farm |
| 17:05 | Crear | Villager (Male) |
| 17:10 | Construir | Farm |
| 17:21 | Crear | Villager (Male) |
| 17:32 | Crear | Villager (Male) |
| 17:40 | Construir | Stone Wall |
| 17:42 | Crear | Villager (Male) |
| 17:45 | Construir | Farm |
| 17:55 | Construir | Farm |
| 17:56 | Construir | Farm |
| 18:00 | Construir | Farm |
| 18:01 | Construir | Farm |
| 18:02 | Construir | Farm |
| 18:04 | Crear | Villager (Male) |
| 18:08 | Construir | Farm |
| 18:12 | Crear | Villager (Male) |
| 18:12 | Crear | Villager (Male) |
| 18:41 | Construir | Stone Wall |
| 18:46 | Crear | Villager (Male) |
| 18:46 | Crear | Villager (Male) |
| 18:46 | Crear | Villager (Male) |
| 18:53 | Construir | Farm |
| 18:55 | Construir | Farm |
| 19:02 | Crear | Villager (Male) |
| 19:09 | Construir | Farm |
| 19:14 | Construir | Farm |
| 19:16 | Construir | Farm |
| 19:16 | Crear | Villager (Male) |
| 19:17 | Crear | Villager (Male) |
| 19:21 | Construir | Farm |
| 19:22 | Crear | Villager (Male) |
| 19:22 | Crear | Villager (Male) |
| 19:28 | Construir | Farm |
| 19:32 | Construir | Farm |
| 19:37 | Construir | Farm |
| 19:40 | Construir | Farm |
| 19:42 | Crear | Villager (Male) |
| 19:42 | Crear | Villager (Male) |
| 19:46 | Construir | Farm |
| 19:49 | Crear | Villager (Male) |
| 19:56 | Construir | Stone Wall |
| 19:59 | Crear | Villager (Male) |
| 19:59 | Crear | Villager (Male) |
| 20:07 | Construir | Farm |
| 20:10 | Construir | Farm |
| 20:16 | Construir | Farm |
| 20:17 | Crear | Villager (Male) |
| 20:17 | Crear | Villager (Male) |
| 20:17 | Crear | Villager (Male) |
| 20:26 | Construir | Monastery |
| 20:27 | Crear | Villager (Male) |
| 20:28 | Crear | Villager (Male) |
| 20:34 | Construir | Farm |
| 20:38 | Crear | Villager (Male) |
| 20:38 | Crear | Villager (Male) |
| 20:49 | Construir | Stone Wall |
| 20:52 | Crear | Villager (Male) |
| 20:52 | Crear | Villager (Male) |
| 20:57 | Construir | Farm |
| 21:07 | Construir | Farm |
| 21:09 | Construir | Farm |
| 21:11 | Crear | Villager (Male) |
| 21:11 | Crear | Villager (Male) |
| 21:20 | Construir | Farm |
| 21:28 | Investigar | Wheelbarrow |
| 21:32 | Construir | Farm |
| 21:34 | Crear | Monk |
| 21:48 | Construir | Market |
| 21:56 | Construir | Stone Wall |
| 21:57 | Crear | Villager (Male) |
| 21:57 | Crear | Villager (Male) |
| 21:58 | Crear | Villager (Male) |
| 21:58 | Crear | Villager (Male) |
| 21:58 | Crear | Villager (Male) |
| 22:07 | Crear | Villager (Male) |
| 22:07 | Crear | Villager (Male) |
| 22:08 | Crear | Villager (Male) |
| 22:08 | Crear | Villager (Male) |
Build order —
Primeras 150 de 868 acciones detectadas
| 0:41 | Construir | Lumber Camp |
| 1:41 | Construir | Mill |
| 2:31 | Construir | Lumber Camp |
| 3:14 | Construir | Mill |
| 3:21 | Investigar | Tech None |
| 4:11 | Investigar | Tech None |
| 4:14 | Construir | Mining Camp |
| 5:36 | Construir | Barracks |
| 6:46 | Construir | Archery Range |
| 6:46 | Investigar | Tech None |
| 6:47 | Investigar | Tech None |
| 6:48 | Investigar | Tech None |
| 6:50 | Construir | Farm |
| 6:57 | Construir | Farm |
| 7:19 | Crear | Archer |
| 7:20 | Crear | Archer |
| 7:48 | Construir | Archery Range |
| 8:10 | Crear | Archer |
| 8:18 | Construir | Blacksmith |
| 8:32 | Crear | Archer |
| 8:51 | Construir | Farm |
| 8:52 | Investigar | Tech None |
| 9:16 | Construir | Farm |
| 9:41 | Construir | Farm |
| 10:40 | Investigar | Tech None |
| 10:41 | Investigar | Tech None |
| 10:42 | Construir | Archery Range |
| 11:23 | Construir | Archery Range |
| 11:42 | Crear | Skirmisher |
| 11:43 | Crear | Skirmisher |
| 11:46 | Crear | Skirmisher |
| 12:04 | Crear | Skirmisher |
| 12:28 | Construir | Archery Range |
| 13:03 | Construir | Farm |
| 13:08 | Construir | Lumber Camp |
| 13:22 | Investigar | Tech None |
| 13:22 | Investigar | Tech None |
| 13:30 | Construir | Town Center |
| 13:32 | Investigar | Tech None |
| 13:45 | Construir | Farm |
| 14:22 | Investigar | Tech None |
| 14:49 | Investigar | Tech None |
| 14:50 | Construir | Farm |
| 15:08 | Construir | Town Center |
| 15:26 | Construir | Farm |
| 15:35 | Construir | Farm |
| 15:41 | Construir | Farm |
| 15:49 | Investigar | Tech None |
| 16:03 | Construir | Farm |
| 16:23 | Construir | Farm |
| 16:37 | Construir | Monastery |
| 17:10 | Investigar | Tech None |
| 17:34 | Construir | Farm |
| 17:42 | Construir | Farm |
| 17:49 | Construir | Farm |
| 17:54 | Construir | Farm |
| 17:58 | Construir | Farm |
| 18:06 | Construir | Farm |
| 18:12 | Construir | Farm |
| 18:27 | Construir | Market |
| 18:37 | Construir | Farm |
| 18:44 | Construir | Farm |
| 18:50 | Investigar | Tech None |
| 18:56 | Construir | Lumber Camp |
| 19:07 | Construir | Farm |
| 19:16 | Construir | University |
| 19:19 | Construir | Farm |
| 19:27 | Construir | Farm |
| 19:30 | Construir | Farm |
| 19:36 | Investigar | Tech None |
| 19:46 | Construir | Farm |
| 19:59 | Construir | Siege Workshop |
| 20:10 | Construir | Farm |
| 20:17 | Construir | Stable |
| 20:22 | Investigar | Tech None |
| 20:29 | Construir | Farm |
| 20:34 | Construir | Farm |
| 20:36 | Construir | Farm |
| 20:43 | Construir | Farm |
| 21:13 | Construir | Farm |
| 21:14 | Investigar | Tech None |
| 21:27 | Construir | Farm |
| 21:33 | Construir | Farm |
| 21:36 | Investigar | Tech None |
| 21:41 | Construir | Farm |
| 21:43 | Construir | Farm |
| 21:49 | Construir | Farm |
| 21:51 | Construir | Farm |
| 21:57 | Construir | Farm |
| 22:07 | Construir | Farm |
| 22:22 | Construir | Farm |
| 22:24 | Investigar | Tech None |
| 22:25 | Construir | Farm |
| 22:26 | Investigar | Tech None |
| 22:27 | Construir | Farm |
| 22:31 | Construir | Farm |
| 22:38 | Construir | Farm |
| 22:40 | Construir | Farm |
| 22:51 | Construir | Mining Camp |
| 22:54 | Construir | Mill |
| 22:58 | Construir | Lumber Camp |
| 22:59 | Investigar | Tech None |
| 23:00 | Investigar | Tech None |
| 23:00 | Investigar | Tech None |
| 23:35 | Construir | Barracks |
| 23:46 | Investigar | Tech None |
| 23:55 | Construir | Barracks |
| 24:05 | Investigar | Tech None |
| 24:08 | Construir | Barracks |
| 24:13 | Construir | Barracks |
| 24:22 | Construir | Barracks |
| 24:31 | Construir | Barracks |
| 24:35 | Construir | Barracks |
| 24:45 | Construir | Stable |
| 24:54 | Construir | Stable |
| 25:06 | Construir | Stable |
| 25:21 | Construir | Stable |
| 25:33 | Construir | Stable |
| 25:44 | Investigar | Tech None |
| 25:51 | Construir | Stable |
| 25:51 | Construir | Market |
| 25:57 | Construir | Stable |
| 26:03 | Construir | Archery Range |
| 26:10 | Investigar | Tech None |
| 26:11 | Construir | Siege Workshop |
| 26:20 | Investigar | Tech None |
| 26:24 | Construir | Archery Range |
| 26:34 | Construir | Siege Workshop |
| 26:35 | Investigar | Tech None |
| 26:45 | Construir | Market |
| 26:47 | Investigar | Tech None |
| 26:59 | Construir | Lumber Camp |
| 27:09 | Investigar | Tech None |
| 27:15 | Construir | Siege Workshop |
| 27:18 | Investigar | Tech None |
| 27:20 | Construir | Siege Workshop |
| 27:31 | Construir | Castle |
| 27:42 | Construir | Mining Camp |
| 27:45 | Construir | Siege Workshop |
| 28:02 | Construir | Farm |
| 28:02 | Construir | Farm |
| 28:03 | Construir | Farm |
| 28:03 | Construir | Farm |
| 28:04 | Construir | Farm |
| 28:04 | Construir | Farm |
| 28:15 | Construir | Farm |
| 28:15 | Construir | Farm |
| 28:28 | Investigar | Tech None |
| 28:37 | Investigar | Tech None |
| 28:37 | Construir | Farm |
Build order —
Primeras 150 de 677 acciones detectadas
| 0:41 | Construir | Lumber Camp |
| 0:42 | Construir | Mill |
| 1:30 | Construir | Lumber Camp |
| 2:24 | Construir | Mill |
| 3:21 | Investigar | Tech None |
| 4:11 | Investigar | Tech None |
| 4:11 | Construir | Barracks |
| 5:58 | Construir | Farm |
| 6:08 | Construir | Farm |
| 6:28 | Construir | Farm |
| 6:38 | Construir | Farm |
| 6:46 | Construir | Stable |
| 6:46 | Investigar | Tech None |
| 6:47 | Investigar | Tech None |
| 6:48 | Investigar | Tech None |
| 6:48 | Construir | Farm |
| 7:08 | Construir | Farm |
| 7:15 | Construir | Farm |
| 7:17 | Crear | Scout Cavalry |
| 7:35 | Construir | Farm |
| 7:44 | Construir | Farm |
| 8:12 | Construir | Mining Camp |
| 8:40 | Construir | Blacksmith |
| 8:51 | Investigar | Tech None |
| 9:17 | Construir | Lumber Camp |
| 10:04 | Construir | Market |
| 10:22 | Investigar | Tech None |
| 10:31 | Investigar | Tech None |
| 10:50 | Construir | Farm |
| 10:52 | Construir | Farm |
| 11:04 | Construir | Farm |
| 11:31 | Investigar | Tech None |
| 13:12 | Investigar | Tech None |
| 13:12 | Investigar | Tech None |
| 13:12 | Construir | Town Center |
| 13:13 | Construir | Town Center |
| 13:14 | Investigar | Tech None |
| 13:21 | Construir | Lumber Camp |
| 13:52 | Construir | Stable |
| 14:03 | Construir | Farm |
| 14:12 | Construir | Farm |
| 14:27 | Construir | Farm |
| 14:52 | Construir | Farm |
| 15:05 | Construir | Monastery |
| 15:28 | Construir | Farm |
| 15:32 | Construir | Farm |
| 15:38 | Construir | Farm |
| 15:45 | Construir | Farm |
| 15:47 | Investigar | Tech None |
| 16:09 | Construir | Farm |
| 16:13 | Construir | Farm |
| 16:14 | Construir | Farm |
| 16:25 | Construir | Farm |
| 16:36 | Investigar | Tech None |
| 16:36 | Construir | Farm |
| 16:38 | Construir | Farm |
| 16:41 | Construir | Farm |
| 16:48 | Construir | Farm |
| 17:16 | Construir | Farm |
| 17:22 | Investigar | Tech None |
| 17:27 | Investigar | Tech None |
| 17:37 | Construir | Farm |
| 17:47 | Investigar | Tech None |
| 18:05 | Construir | Farm |
| 18:05 | Construir | University |
| 18:06 | Construir | Farm |
| 18:42 | Construir | Town Center |
| 18:44 | Construir | Farm |
| 18:47 | Investigar | Tech None |
| 18:52 | Construir | Farm |
| 18:53 | Construir | Farm |
| 19:02 | Construir | Farm |
| 19:17 | Construir | Farm |
| 19:19 | Construir | Lumber Camp |
| 19:28 | Construir | Mining Camp |
| 19:33 | Construir | Farm |
| 19:41 | Construir | Farm |
| 19:53 | Construir | Farm |
| 19:54 | Construir | Farm |
| 19:56 | Construir | Farm |
| 20:00 | Construir | Farm |
| 20:07 | Construir | Mining Camp |
| 20:12 | Construir | Farm |
| 20:19 | Construir | Farm |
| 20:29 | Construir | Farm |
| 20:35 | Construir | Farm |
| 20:39 | Construir | Farm |
| 20:43 | Investigar | Tech None |
| 20:43 | Construir | Farm |
| 20:44 | Investigar | Tech None |
| 20:44 | Construir | House |
| 20:44 | Investigar | Tech None |
| 20:56 | Construir | Mining Camp |
| 21:06 | Construir | Mining Camp |
| 21:09 | Construir | House |
| 21:14 | Investigar | Tech None |
| 21:22 | Construir | Barracks |
| 21:27 | Investigar | Tech None |
| 21:34 | Construir | Barracks |
| 21:46 | Construir | Barracks |
| 21:50 | Construir | Stable |
| 22:01 | Construir | Stable |
| 22:13 | Construir | Lumber Camp |
| 22:28 | Construir | Stable |
| 22:41 | Construir | Market |
| 22:50 | Construir | Stable |
| 22:50 | Construir | Castle |
| 23:06 | Construir | Market |
| 23:19 | Construir | Lumber Camp |
| 23:25 | Construir | Stable |
| 23:38 | Construir | Stable |
| 23:42 | Construir | Castle |
| 23:46 | Construir | Market |
| 23:53 | Investigar | Tech None |
| 23:54 | Investigar | Tech None |
| 24:13 | Construir | Archery Range |
| 24:19 | Investigar | Tech None |
| 24:21 | Construir | Archery Range |
| 24:31 | Construir | Siege Workshop |
| 24:42 | Construir | Siege Workshop |
| 24:46 | Construir | Farm |
| 24:46 | Construir | Farm |
| 24:47 | Construir | Farm |
| 24:47 | Construir | Farm |
| 24:50 | Construir | Farm |
| 24:58 | Construir | Farm |
| 25:05 | Construir | Archery Range |
| 25:09 | Construir | Farm |
| 25:12 | Construir | Archery Range |
| 25:13 | Investigar | Tech None |
| 25:14 | Construir | Archery Range |
| 25:20 | Investigar | Tech None |
| 25:22 | Construir | Siege Workshop |
| 25:33 | Construir | Farm |
| 25:49 | Construir | Siege Workshop |
| 25:58 | Construir | Farm |
| 26:11 | Construir | Farm |
| 26:13 | Construir | Farm |
| 26:21 | Construir | Lumber Camp |
| 26:24 | Construir | Farm |
| 26:26 | Construir | Mill |
| 26:29 | Construir | Mill |
| 26:34 | Construir | Mill |
| 26:37 | Construir | Mill |
| 26:39 | Construir | Farm |
| 26:44 | Construir | Castle |
| 26:46 | Construir | Farm |
| 26:48 | Construir | Farm |
| 26:50 | Construir | Farm |
| 26:51 | Construir | Farm |
Build order —
Primeras 150 de 989 acciones detectadas
| 0:41 | Construir | Lumber Camp |
| 0:42 | Construir | Mill |
| 2:26 | Construir | Lumber Camp |
| 2:27 | Construir | Mill |
| 3:21 | Investigar | Tech None |
| 4:14 | Construir | Mining Camp |
| 5:00 | Construir | Farm |
| 5:02 | Construir | Farm |
| 6:02 | Investigar | Tech None |
| 6:02 | Construir | Barracks |
| 8:03 | Construir | Farm |
| 8:23 | Construir | Farm |
| 8:26 | Construir | Stable |
| 8:28 | Investigar | Tech None |
| 8:28 | Construir | Blacksmith |
| 8:42 | Investigar | Tech None |
| 9:06 | Construir | Farm |
| 9:16 | Investigar | Tech None |
| 9:20 | Construir | Farm |
| 9:32 | Construir | Farm |
| 9:49 | Investigar | Tech None |
| 9:49 | Construir | Farm |
| 10:00 | Construir | Farm |
| 10:12 | Construir | Farm |
| 10:18 | Construir | Farm |
| 11:56 | Investigar | Tech None |
| 11:56 | Crear | Knight |
| 11:57 | Investigar | Tech None |
| 11:57 | Construir | Town Center |
| 12:14 | Crear | Knight |
| 12:21 | Construir | Town Center |
| 12:52 | Investigar | Tech None |
| 13:03 | Construir | Stable |
| 13:20 | Investigar | Tech None |
| 13:26 | Crear | Knight |
| 13:30 | Construir | Farm |
| 13:48 | Construir | Farm |
| 14:02 | Construir | Farm |
| 14:04 | Construir | Farm |
| 14:14 | Crear | Knight |
| 14:19 | Construir | Farm |
| 14:29 | Construir | Farm |
| 14:38 | Construir | Farm |
| 14:51 | Construir | Farm |
| 14:56 | Crear | Knight |
| 15:02 | Construir | Farm |
| 15:10 | Construir | Market |
| 15:13 | Construir | Farm |
| 15:29 | Construir | Farm |
| 15:34 | Construir | Farm |
| 15:42 | Construir | Farm |
| 15:51 | Investigar | Tech None |
| 15:52 | Investigar | Tech None |
| 15:56 | Construir | Farm |
| 16:08 | Construir | Farm |
| 16:31 | Construir | Farm |
| 16:43 | Investigar | Tech None |
| 16:46 | Investigar | Tech None |
| 16:47 | Construir | Farm |
| 16:55 | Construir | Monastery |
| 16:57 | Construir | Farm |
| 17:08 | Investigar | Tech None |
| 17:22 | Construir | Farm |
| 17:32 | Crear | Monk |
| 17:33 | Construir | Stable |
| 17:43 | Investigar | Tech None |
| 17:47 | Construir | Farm |
| 18:10 | Construir | Farm |
| 18:10 | Construir | University |
| 18:19 | Construir | Mining Camp |
| 18:32 | Construir | Farm |
| 18:37 | Construir | Farm |
| 18:50 | Construir | Stable |
| 18:56 | Construir | Lumber Camp |
| 18:58 | Construir | Farm |
| 19:20 | Crear | Scout Cavalry |
| 19:21 | Investigar | Tech None |
| 19:32 | Construir | Town Center |
| 19:35 | Construir | Farm |
| 19:39 | Construir | Lumber Camp |
| 19:47 | Crear | Scout Cavalry |
| 19:47 | Construir | Farm |
| 19:49 | Crear | Scout Cavalry |
| 19:58 | Construir | Farm |
| 20:01 | Crear | Scout Cavalry |
| 20:05 | Crear | Scout Cavalry |
| 20:06 | Construir | Mining Camp |
| 20:13 | Construir | Farm |
| 20:15 | Construir | Farm |
| 20:16 | Crear | Scout Cavalry |
| 20:18 | Crear | Scout Cavalry |
| 20:24 | Crear | Scout Cavalry |
| 20:26 | Construir | Siege Workshop |
| 20:29 | Crear | Scout Cavalry |
| 20:32 | Construir | Siege Workshop |
| 20:35 | Crear | Scout Cavalry |
| 20:37 | Investigar | Tech None |
| 20:37 | Construir | Farm |
| 20:42 | Construir | Mining Camp |
| 20:46 | Construir | Market |
| 20:57 | Investigar | Tech None |
| 21:11 | Crear | Battering Ram |
| 21:11 | Construir | Archery Range |
| 21:18 | Investigar | Tech None |
| 21:26 | Construir | Archery Range |
| 21:33 | Construir | Archery Range |
| 21:38 | Construir | House |
| 21:40 | Construir | House |
| 22:10 | Construir | Market |
| 22:35 | Construir | Market |
| 22:40 | Crear | Battering Ram |
| 22:48 | Construir | Castle |
| 23:19 | Crear | Scout Cavalry |
| 23:33 | Crear | Scout Cavalry |
| 23:40 | Construir | Lumber Camp |
| 23:44 | Construir | Barracks |
| 23:47 | Investigar | Tech None |
| 23:47 | Investigar | Tech None |
| 23:53 | Construir | Barracks |
| 24:03 | Investigar | Tech None |
| 24:08 | Construir | Barracks |
| 24:10 | Construir | Castle |
| 24:18 | Construir | Barracks |
| 24:27 | Construir | Barracks |
| 24:33 | Construir | Stable |
| 24:52 | Crear | Battering Ram |
| 24:52 | Construir | Stable |
| 25:01 | Construir | Stable |
| 25:04 | Investigar | Tech None |
| 25:07 | Construir | Stable |
| 25:14 | Construir | Siege Workshop |
| 25:21 | Construir | Archery Range |
| 25:34 | Construir | Archery Range |
| 25:35 | Investigar | Tech None |
| 25:37 | Construir | Farm |
| 25:38 | Construir | Farm |
| 25:39 | Construir | Farm |
| 25:41 | Construir | Farm |
| 25:42 | Investigar | Tech None |
| 25:43 | Investigar | Tech None |
| 25:44 | Investigar | Tech None |
| 25:44 | Crear | Scout Cavalry |
| 25:44 | Crear | Scout Cavalry |
| 25:44 | Crear | Scout Cavalry |
| 25:47 | Construir | Farm |
| 25:56 | Construir | Farm |
| 26:14 | Crear | Mameluke |
| 26:16 | Construir | Farm |
| 26:20 | Construir | Farm |
| 26:21 | Crear | Mameluke |
Build order —
Primeras 150 de 937 acciones detectadas
| 0:42 | Construir | Lumber Camp |
| 0:43 | Construir | Mill |
| 2:12 | Construir | Barracks |
| 3:06 | Construir | Lumber Camp |
| 3:21 | Investigar | Tech None |
| 3:48 | Construir | Mining Camp |
| 4:42 | Construir | Mill |
| 5:02 | Investigar | Tech None |
| 7:36 | Construir | Market |
| 7:37 | Investigar | Tech None |
| 7:37 | Construir | Blacksmith |
| 7:38 | Investigar | Tech None |
| 7:38 | Construir | Archery Range |
| 7:40 | Construir | Archery Range |
| 8:07 | Investigar | Tech None |
| 8:15 | Construir | Archery Range |
| 8:26 | Crear | Archer |
| 8:36 | Construir | Archery Range |
| 8:49 | Crear | Skirmisher |
| 9:16 | Construir | Farm |
| 9:30 | Crear | Skirmisher |
| 9:36 | Construir | Farm |
| 9:44 | Crear | Archer |
| 9:56 | Construir | Farm |
| 10:08 | Construir | Farm |
| 10:19 | Construir | Farm |
| 10:31 | Construir | Farm |
| 10:45 | Construir | Lumber Camp |
| 10:59 | Construir | Farm |
| 11:21 | Construir | Farm |
| 11:28 | Construir | Lumber Camp |
| 11:31 | Investigar | Tech None |
| 11:51 | Construir | Lumber Camp |
| 12:00 | Construir | Lumber Camp |
| 12:05 | Investigar | Tech None |
| 12:55 | Crear | Skirmisher |
| 12:56 | Crear | Skirmisher |
| 12:56 | Crear | Skirmisher |
| 13:36 | Construir | Archery Range |
| 13:57 | Construir | Archery Range |
| 14:12 | Investigar | Tech None |
| 14:12 | Investigar | Tech None |
| 14:12 | Investigar | Tech None |
| 14:26 | Investigar | Tech None |
| 14:32 | Construir | Town Center |
| 15:27 | Investigar | Tech None |
| 15:27 | Construir | Town Center |
| 15:41 | Construir | Town Center |
| 15:46 | Construir | Farm |
| 16:03 | Construir | Farm |
| 16:08 | Construir | Farm |
| 16:13 | Construir | Farm |
| 16:22 | Investigar | Tech None |
| 16:49 | Investigar | Tech None |
| 17:11 | Construir | Monastery |
| 17:21 | Construir | University |
| 17:44 | Construir | Stable |
| 17:46 | Crear | Monk |
| 18:04 | Construir | Siege Workshop |
| 18:14 | Construir | Stable |
| 18:38 | Construir | Mining Camp |
| 18:43 | Crear | Battering Ram |
| 19:15 | Construir | Mining Camp |
| 19:26 | Investigar | Tech None |
| 19:26 | Construir | Farm |
| 19:28 | Construir | Farm |
| 19:35 | Construir | Farm |
| 19:38 | Construir | Farm |
| 19:42 | Construir | Farm |
| 19:50 | Construir | Farm |
| 19:57 | Construir | Farm |
| 20:07 | Construir | Farm |
| 20:16 | Crear | Battering Ram |
| 20:16 | Construir | Farm |
| 20:20 | Construir | Farm |
| 20:45 | Construir | Farm |
| 20:57 | Construir | Farm |
| 20:58 | Construir | Lumber Camp |
| 21:02 | Investigar | Tech None |
| 21:03 | Investigar | Tech None |
| 21:18 | Construir | Farm |
| 21:21 | Construir | Farm |
| 21:27 | Construir | Farm |
| 21:32 | Construir | Farm |
| 21:40 | Construir | Farm |
| 21:47 | Construir | Farm |
| 21:49 | Construir | Farm |
| 21:56 | Construir | Farm |
| 22:09 | Construir | Farm |
| 22:21 | Construir | Farm |
| 22:24 | Crear | Battering Ram |
| 22:31 | Construir | Farm |
| 22:48 | Construir | Farm |
| 22:49 | Construir | Farm |
| 23:00 | Crear | Cavalry Archer |
| 23:07 | Construir | Farm |
| 23:11 | Construir | House |
| 23:12 | Construir | House |
| 23:13 | Construir | Siege Workshop |
| 23:35 | Construir | Town Center |
| 23:36 | Investigar | Tech None |
| 23:37 | Investigar | Tech None |
| 23:56 | Construir | Barracks |
| 24:12 | Crear | Battering Ram |
| 24:12 | Construir | Barracks |
| 24:28 | Crear | Battering Ram |
| 24:28 | Construir | Barracks |
| 24:34 | Investigar | Tech None |
| 24:35 | Construir | Barracks |
| 24:44 | Crear | Battering Ram |
| 24:44 | Construir | Barracks |
| 24:57 | Construir | Barracks |
| 25:06 | Construir | Lumber Camp |
| 25:13 | Construir | Barracks |
| 25:13 | Construir | Market |
| 25:19 | Construir | Archery Range |
| 25:24 | Construir | Archery Range |
| 25:40 | Crear | Cavalry Archer |
| 25:40 | Crear | Cavalry Archer |
| 25:46 | Construir | Stable |
| 25:50 | Construir | Stable |
| 25:52 | Crear | Cavalry Archer |
| 25:52 | Crear | Cavalry Archer |
| 25:52 | Crear | Cavalry Archer |
| 25:53 | Crear | Cavalry Archer |
| 25:53 | Crear | Cavalry Archer |
| 25:53 | Crear | Cavalry Archer |
| 25:53 | Crear | Cavalry Archer |
| 26:02 | Crear | Cavalry Archer |
| 26:03 | Investigar | Tech None |
| 26:04 | Construir | Stable |
| 26:15 | Crear | Cavalry Archer |
| 26:20 | Construir | Stable |
| 26:25 | Crear | Cavalry Archer |
| 26:27 | Crear | Cavalry Archer |
| 26:28 | Investigar | Tech None |
| 26:33 | Construir | Stable |
| 26:34 | Construir | Market |
| 26:40 | Crear | Cavalry Archer |
| 26:42 | Construir | Siege Workshop |
| 26:43 | Crear | Cavalry Archer |
| 26:44 | Crear | Cavalry Archer |
| 26:48 | Investigar | Tech None |
| 26:49 | Construir | Siege Workshop |
| 26:59 | Construir | Siege Workshop |
| 27:12 | Investigar | Tech None |
| 27:13 | Construir | Market |
| 27:13 | Crear | Cavalry Archer |
| 27:15 | Crear | Cavalry Archer |
| 27:17 | Crear | Cavalry Archer |
Cronología de la partida
| 0:39 | 只会出农民 · wall_segment Palisade Wall x19 |
| 0:58 | Nam Thanh · wall_segment Palisade Wall x15 |
| 1:15 | 轻骑满天飞 · wall_segment Palisade Wall x17 |
| 2:12 | · first_building Barracks |
| 3:51 | Nam Thanh · wall_segment Palisade Wall x1 |
| 3:55 | Nam Thanh · wall_segment Palisade Wall x13 |
| 4:11 | · first_building Barracks |
| 4:36 | 只会出农民 · wall_segment Palisade Wall x18 |
| 4:42 | 轻骑满天飞 · wall_segment Palisade Wall x15 |
| 5:36 | · first_building Barracks |
| 6:02 | · first_building Barracks |
| 6:20 | Nam Thanh · wall_segment Palisade Wall x14 |
| 6:34 | 轻骑满天飞 · wall_segment Palisade Wall x13 |
| 6:46 | · first_building Archery Range |
| 6:46 | · first_building Stable |
| 7:30 | 只会出农民 · wall_segment Palisade Wall x19 |
| 7:38 | · first_building Archery Range |
| 7:41 | LG · age_up feudal |
| 8:26 | · first_building Stable |
| 9:03 | Nam Thanh · age_up feudal |
| 9:10 | 轻骑满天飞 · wall_segment Palisade Wall x11 |
| 9:11 | 只会出农民 · age_up feudal |
| 9:34 | 轻骑满天飞 · wall_segment Palisade Wall x19 |
| 9:56 | Nam Thanh · wall_segment Stone Wall x13 |
| 9:59 | 只会出农民 · wall_segment Stone Wall x17 |
| 10:03 | 轻骑满天飞 · wall_segment Palisade Wall x1 |
| 10:45 | · first_market_sell 100 wood |
| 11:24 | Nam Thanh · wall_segment Stone Wall x12 |
| 12:03 | 只会出农民 · wall_segment Stone Wall x17 |
| 12:27 | 轻骑满天飞 · age_up feudal |
| 12:56 | LG · age_up castle |
| 13:03 | Nam Thanh · wall_segment Stone Wall x1 |
| 13:04 | 轻骑满天飞 · wall_segment Stone Wall x17 |
| 13:15 | Nam Thanh · wall_segment Stone Wall x6 |
| 13:37 | 只会出农民 · wall_segment Stone Wall x17 |
| 13:56 | 只会出农民 · age_up castle |
| 14:02 | Nam Thanh · wall_segment Stone Wall x5 |
| 14:07 | Nam Thanh · wall_segment Stone Wall x6 |
| 14:46 | Nam Thanh · age_up castle |
| 15:02 | 只会出农民 · wall_segment Stone Wall x16 |
| 15:05 | · first_building Monastery |
| 15:27 | Nam Thanh · wall_segment Stone Wall x6 |
| 15:36 | 轻骑满天飞 · wall_segment Stone Wall x19 |
| 16:21 | Nam Thanh · wall_segment Stone Wall x4 |
| 16:25 | Nam Thanh · wall_segment Stone Wall x7 |
| 16:34 | 只会出农民 · wall_segment Stone Wall x15 |
| 16:37 | · first_building Monastery |
| 16:55 | · first_building Monastery |
| 16:57 | 轻骑满天飞 · wall_segment Stone Wall x19 |
| 17:11 | · first_building Monastery |
| 17:13 | Nam Thanh · wall_segment Stone Wall x4 |
| 17:40 | 只会出农民 · wall_segment Stone Wall x15 |
| 17:44 | · first_building Stable |
| 18:04 | Nam Thanh · wall_segment Stone Wall x7 |
| 18:04 | · first_building Siege Workshop |
| 18:06 | · first_market_buy 100 stone |
| 18:08 | Nam Thanh · wall_segment Stone Wall x7 |
| 18:17 | 轻骑满天飞 · wall_segment Stone Wall x12 |
| 18:41 | 只会出农民 · wall_segment Stone Wall x11 |
| 19:18 | LG · first_building Monastery |
| 19:27 | 轻骑满天飞 · wall_segment Stone Wall x14 |
| 19:49 | · first_market_sell 100 food |
| 19:51 | Nam Thanh · wall_segment Stone Wall x10 |
| 19:56 | 只会出农民 · wall_segment Stone Wall x11 |
| 19:59 | · first_building Siege Workshop |
| 20:17 | · first_building Stable |
| 20:19 | · first_market_sell 100 wood |
| 20:25 | · first_market_buy 100 wood |
| 20:26 | · first_building Siege Workshop |
| 20:26 | 只会出农民 · first_building Monastery |
| 20:41 | 轻骑满天飞 · wall_segment Stone Wall x19 |
| 20:43 | · first_market_buy 100 wood |
| 20:49 | 只会出农民 · wall_segment Stone Wall x10 |
| 20:57 | Nam Thanh · wall_segment Stone Wall x13 |
| 21:11 | · first_building Archery Range |
| 21:13 | Nam Thanh · first_building Siege Workshop |
| 21:48 | 轻骑满天飞 · age_up castle |
| 21:56 | 只会出农民 · wall_segment Stone Wall x13 |
| 22:17 | 只会出农民 · first_building Siege Workshop |
| 22:48 | · first_building Castle |
| 22:50 | · first_market_buy 100 wood |
| 22:50 | · first_building Castle |
| 22:52 | 只会出农民 · wall_segment Stone Wall x12 |
| 23:13 | 轻骑满天飞 · first_building Monastery |
| 23:21 | 轻骑满天飞 · wall_segment Stone Wall x16 |
| 23:30 | · first_market_sell 100 food |
| 23:51 | Nam Thanh · wall_segment Stone Wall x12 |
| 24:13 | · first_building Archery Range |
| 24:13 | 只会出农民 · wall_segment Stone Wall x14 |
| 24:31 | · first_building Siege Workshop |
| 24:42 | Nam Thanh · wall_segment Stone Wall x14 |
| 25:26 | 只会出农民 · wall_segment Stone Wall x16 |
| 25:29 | 轻骑满天飞 · wall_segment Stone Wall x18 |
| 25:32 | Nam Thanh · first_building Castle |
| 25:46 | Nam Thanh · wall_segment Stone Wall x10 |
| 26:06 | LG · first_building Barracks |
| 26:18 | LG · first_building Siege Workshop |
| 26:51 | Nam Thanh · wall_segment Stone Wall x14 |
| 26:52 | 轻骑满天飞 · wall_segment Stone Wall x19 |
| 27:01 | 只会出农民 · wall_segment Stone Wall x13 |
| 27:24 | Nam Thanh · first_building Barracks |
| 27:31 | · first_building Castle |
| 27:44 | · first_building Castle |
| 27:56 | 只会出农民 · first_building Castle |
| 28:00 | Nam Thanh · wall_segment Stone Wall x12 |
| 28:14 | LG · first_building Castle |
| 28:19 | 只会出农民 · wall_segment Stone Wall x16 |
| 29:18 | Nam Thanh · wall_segment Stone Wall x12 |
| 29:21 | Nam Thanh · wall_segment Stone Wall x1 |
| 29:22 | Nam Thanh · wall_segment Stone Wall x1 |
| 29:22 | Nam Thanh · wall_segment Stone Wall x1 |
| 29:23 | Nam Thanh · wall_segment Stone Wall x1 |
| 29:34 | Nam Thanh · first_building Archery Range |
| 29:35 | LG · age_up imperial |
| 29:40 | LG · first_building Stable |
| 29:47 | LG · first_building Archery Range |
| 29:51 | 轻骑满天飞 · wall_segment Stone Wall x21 |
| 30:05 | Nam Thanh · age_up imperial |
| 30:53 | 轻骑满天飞 · age_up imperial |
| 31:01 | Nam Thanh · first_building Stable |
| 31:24 | 轻骑满天飞 · first_building Castle |
| 31:31 | Nam Thanh · wall_segment Stone Wall x15 |
| 31:32 | 只会出农民 · first_market_sell 100 food |
| 31:37 | Nam Thanh · wall_segment Stone Wall x4 |
| 31:51 | 轻骑满天飞 · wall_segment Stone Wall x24 |
| 32:59 | Nam Thanh · wall_segment Stone Wall x4 |
| 33:02 | Nam Thanh · wall_segment Stone Wall x4 |
| 33:09 | Nam Thanh · wall_segment Stone Wall x13 |
| 33:34 | 轻骑满天飞 · wall_segment Stone Wall x17 |
| 33:42 | 轻骑满天飞 · first_market_buy 100 stone |
| 34:51 | LG · first_market_buy 500 stone |
| 34:52 | 只会出农民 · age_up imperial |
| 36:21 | 轻骑满天飞 · first_building Barracks |
| 37:54 | 轻骑满天飞 · first_building Archery Range |
| 38:55 | 轻骑满天飞 · first_building Stable |
| 42:30 | 轻骑满天飞 · first_building Siege Workshop |
| 44:19 | LG · first_market_sell 500 food |
| 47:44 | 轻骑满天飞 · tribute_sent a jugador 2 |
| 47:44 | 轻骑满天飞 · tribute_sent a jugador 3 |
| 47:44 | 轻骑满天飞 · tribute_sent a jugador 4 |
| 47:44 | 轻骑满天飞 · tribute_sent a jugador 5 |
| 47:44 | 轻骑满天飞 · tribute_sent a jugador 6 |
| 47:44 | 轻骑满天飞 · tribute_sent a jugador 7 |
| 47:44 | 轻骑满天飞 · tribute_sent a jugador 8 |
| 49:10 | Nam Thanh · first_market_buy 100 stone |
[ ANÁLISIS IA · 1 CRÉDITO ]
¿Qué pasó realmente en esta partida?
Wolo.gg analiza cada decisión: build order, eco, micro, errores típicos por bracket. Análisis personalizado por WhatsApp o Discord en 30 segundos.
Guía civ
Bengalíes
Perfil
Jugador #302147